Map: Coda LE (Void)

Players

Bop

  • Race: Zerg Zerg

Bones - Winner!

  • Race: Protoss Protoss

VOD

Have the link to the VOD?

Description

Time

  • Played on: May 1, 2015, 12:27 a.m.
  • Length: 8:59
Show
View Real Time Build Order
Export as new Build Order

Bop Zerg 

Build Orders: Hatch First, Swarm Host 

Get SALT Encoding   

  12  0:01  Drone  
  13  0:08  Drone  
  14  0:35  Hatchery  
  13  0:38  Drone  
  14  0:45  Drone, Extractor  
  14  0:51  Drone, Extractor  
  15  1:06  Spawning Pool  
  14  1:14  Overlord  
  14  1:24  Drone, Extractor  
  15  1:33  Drone  
  15  1:34  Drone  
  15  1:36  Drone  
  19  1:47  Drone x2  
  20  1:56  Metabolic Boost  
  20  1:58  Zergling x4  
  22  2:10  Drone x2  
  24  2:20  Overlord  
  24  2:22  Drone  
  25  2:23  Queen  
  27  2:34  Drone  
  28  2:38  Queen  
  28  2:39  Drone  
  31  2:45  Drone x2  
  33  2:55  Overlord  
  33  2:58  Drone  
  33  3:01  Lair  
  33  3:03  Drone x2  
  36  3:17  Zergling x4  
  38  3:23  Drone  
  38  3:24  Drone  
  38  3:26  Queen  
  41  3:34  Drone x3  
  41  3:38  Overlord  
  44  3:47  Extractor  
  44  3:48  Extractor  
  42  3:52  Drone x2, Overlord  
  44  3:58  Drone x5  
  48  4:07  Infestation Pit  
  47  4:10  Drone x4  
  47  4:16  Overseer  
  51  4:24  Extractor, Queen x2  
  51  4:29  Evolution Chamber  
  51  4:30  Drone  
  51  4:31  Drone  
  55  4:32  Drone  
  55  4:33  Zergling x2  
  55  4:34  Overlord, Zergling x4  
  59  4:49  Overlord  
  59  4:55  Swarm Host x3  
  68  5:05  Overlord  
  67  5:08  Zerg Melee Weapons Level 1  
  67  5:12  Swarm Host  
  70  5:21  Swarm Host x2  
  76  5:28  Overlord  
  76  5:31  Zergling x6  
  79  5:36  Overseer  
  79  5:49  Zergling x22  
  90  6:04  Overlord  
  89  6:17  Overlord  
  77  6:32  Zergling x2  
  77  6:33  Zergling x10  
  78  6:41  Swarm Host x3  
  78  6:42  Swarm Host  
  78  6:44  Queen x2  
  91  6:48  Zergling x8  
  88  7:04  Zergling x8  
  69  7:18  Zergling x2  
  69  7:19  Zergling x4  
  69  7:22  Drone  
  46  7:46  Zergling x8  
  48  7:52  Overlord  
  45  8:02  Drone x2  
  47  8:11  Zergling x2  
  48  8:28  Zergling x2  
  48  8:29  Zergling x12  
Show
View Real Time Build Order
Export as new Build Order

Bones Protoss - Winner!

Build Orders: Nexus First 

Get SALT Encoding   

  12  0:01  Probe  
  13  0:13  Probe  
  14  0:41  Nexus  
  14  0:50  Pylon  
  14  1:08  Probe (Chrono Boost), Gateway  
  16  1:19  Probe (Chrono Boost)  
  16  1:25  Probe (Chrono Boost)  
  17  1:35  Probe (Chrono Boost)  
  18  1:42  Probe (Chrono Boost)  
  18  1:45  Assimilator x2  
  19  1:53  Probe (Chrono Boost)  
  20  1:57  Probe (Chrono Boost)  
  20  1:59  Probe  
  22  2:04  Cybernetics Core  
  23  2:10  Probe (Chrono Boost)  
  23  2:11  Probe (Chrono Boost)  
  24  2:16  Zealot  
  24  2:22  Probe (Chrono Boost)  
  28  2:23  Probe (Chrono Boost)  
  28  2:28  Probe  
  29  2:31  Probe  
  29  2:34  Pylon  
  29  2:40  Probe  
  29  2:43  Probe, Adept (Chrono Boost)  
  33  2:46  Warp Gate  
  33  2:52  Probe  
  33  2:55  Probe  
  35  3:01  Twilight Council  
  35  3:05  Probe (Chrono Boost)  
  36  3:06  Assimilator  
  36  3:08  Probe (Chrono Boost)  
  37  3:14  Stalker  
  42  3:21  Mothership Core (Chrono Boost)  
  42  3:23  Probe (Chrono Boost)  
  42  3:24  Pylon  
  42  3:29  Probe (Chrono Boost)  
  43  3:38  Probe (Chrono Boost)  
  44  3:48  Probe (Chrono Boost)  
  45  3:49  Adept  
  45  3:52  Probe (Chrono Boost)  
  49  3:56  Probe (Chrono Boost), Pylon  
  49  3:58  Probe (Chrono Boost)  
  50  4:11  Shield Upgrade (Chrono Boost)  
  50  4:14  Probe x2  
  52  4:25  Gateway x2  
  52  4:26  Gateway  
  52  4:28  Gateway  
  52  4:29  Gateway  
  52  4:31  Gateway  
  52  4:34  Gateway  
  52  4:45  Blink (Chrono Boost)  
  52  5:04  Adept  
  54  5:07  Pylon  
  54  5:15  Pylon  
  54  5:26  Adept x2, Pylon  
  54  5:27  Adept x5  
  68  5:33  Pylon  
  68  5:49  Stalker x3  
  74  5:50  Stalker x5  
  84  6:15  Adept x3  
  84  6:16  Adept  
  92  6:20  Pylon  
  92  6:22  Pylon  
  92  6:23  Pylon  
  80  6:40  Stalker  
  80  6:41  Adept x5  
  80  6:46  Adept  
  83  7:01  Adept x3  
  83  7:02  Adept x3  
  89  7:14  Adept  
  85  7:15  Adept  
  55  7:30  Stalker x6  
  55  7:35  Mothership Core  
  67  7:39  Adept  
  67  7:54  Adept x5  
  77  8:12  Pylon  
  77  8:14  Pylon  
  77  8:16  Adept x3  
  77  8:17  Adept  
  85  8:28  Stalker x2  
  85  8:29  Stalker  
Tags
 
Add a new tag
Caveats
  • Supply blocks, unpowered buildings, or Contaminate may cause inaccurate times.
  • Supply counts are checked every 10 seconds.